 Dungeon Crawl Stone Soup version 0.31.0-12-g77e489cdc1 (console) character file.

Game seed: 5433692177961815583

434 AlterAsc the Cudgeller (level 7, -2/70 HPs)
             Began as an Oni Fighter on Feb 12, 2024.
             Was an Initiate of Okawaru.
             Slain by an ogre
             ... wielding a +0 giant club
              (10 damage)
             ... on level 5 of the Dungeon.
             The game lasted 00:08:06 (3982 turns).

AlterAsc the Cudgeller (Oni Fighter)                Turns: 3982, Time: 00:08:07

Health: -2/70      AC:  3    Str: 23    XL:     7   Next: 0%
Magic:  7/7        EV:  8    Int:  9    God:    Okawaru [......]
Gold:   192        SH:  7    Dex:  8    Spells: 6/6 levels left

rFire   . . .        l - +3 mace
rCold   . . .        c - +0 kite shield
rNeg    . . .        b - +0 robe
rPois   .            (helmet restricted)
rElec   .            (no cloak)
rCorr   .            (gloves unavailable)
SInv    .            (boots unavailable)
Will    .....        A - amulet of the acrobat
Stlth   +            (no ring)
HPRegen 0.31/turn    (no ring)
MPRegen 0.10/turn

%: acrobat
@: no status effects
A: large, unfitting armour, horns 1, tough skin 1, double potion healing,
drunken brawling
a: Renounce Religion


You were on level 5 of the Dungeon.
You worshipped Okawaru.
Okawaru was noncommittal.
You visited 2 branches of the dungeon, and saw 6 of its levels.

You collected 192 gold pieces.

Inventory:

Hand Weapons
 a - a +0 flail
 k - a +4 club
 l - a +3 mace (weapon)
 y - a +0 flail
Missiles
 z - 2 boomerangs (quivered)
Armour
 b - a +0 robe (worn)
 c - a +0 kite shield (worn)
Jewellery
 p - a ring of positive energy
 r - a ring of positive energy
 A - an amulet of the acrobat (around neck)
Wands
 B - a wand of flame (30)
Scrolls
 e - 2 scrolls of poison {unknown}
 g - a scroll of immolation {unknown}
 h - a scroll of identify
 i - 2 scrolls of enchant armour
 n - a scroll of acquirement {unknown}
 o - 2 scrolls of brand weapon {unknown}
 q - 2 scrolls of amnesia
 s - a scroll of teleportation
 v - a scroll of revelation {unknown}
Potions
 d - 2 potions of might
 f - a potion of heal wounds {unknown}
 j - a potion of curing {unknown}
 m - a potion of attraction {unknown}
 t - a potion of magic {unknown}
 u - a potion of mutation {unknown}
 w - a potion of brilliance {unknown}
 x - a potion of lignification {unknown}


   Skills:
 - Level 4.0 Fighting
 + Level 7.3 Maces & Flails
 - Level 2.6 Dodging
 - Level 2.6 Shields


You had 6 spell levels left.
You didn't know any spells.
Your spell library contained the following spells:

 Spells                   Type           Power      Damage    Failure   Level
 Hailstorm                Conj/Ice       0%         3d5       95%         3
 Sigil of Binding         Hex            0%         N/A       95%         3
 Dimensional Bullseye     Hex/Tloc       0%         N/A       100%        4
 Call Canine Familiar     Summ           Unusable   N/A       N/A         3
 Summon Ice Beast         Ice/Summ       Unusable   N/A       N/A         3
 Sculpt Simulacrum        Ice/Alch       Unusable   N/A       N/A         6

Dungeon Overview and Level Annotations

Branches:
Dungeon (5/15)             Temple (1/1) D:4

Altars:
Cheibriados
Dithmenos
Elyvilon
Fedhas
Gozag
Hepliaklqana
Okawaru
Ru
Sif Muna
Trog
Uskayaw
Vehumet
Wu Jian
Xom
Yredelemnul
Zin
The Shining One

Shops:
D:3 (

Annotations:
D:3 3 runed translucent doors, drgodel's ghost, amateur OnSh
D:4 1 runed translucent door, Crazy Yiuf


Innate Abilities, Weirdness & Mutations

You are too large for most types of armour.
You have a pair of small horns on your head.
You have tough skin. (AC +1)
You gain doubled healing and magic from potions.
Whenever you drink a healing potion, you attack all around you.


Message History

The iguana barely misses you.
You hit the iguana.
The iguana is severely wounded.
The iguana closely misses you.
You sock the iguana!
You kill the iguana!
Okawaru accepts your kill.
You have reached level 7!
Things that are here:
a +0 robe; a +0 battleaxe; the orc corpse of Blork the orc
Things that are here:
a +0 leather armour; a +0 short sword; an orc corpse You start resting.
HP restored.
o - 2 scrolls labelled PUKLEU HAENOW (gained 1)
You open the door.
An ogre comes into view. It is wielding a +0 giant club.
The ogre shouts!
There is an open door here.
Found a stone staircase leading down.
You thump the ogre!
The ogre is moderately wounded.
The ogre hits you with a +0 giant club!!
You hit the ogre.
The ogre is moderately wounded.
The ogre hits you with a +0 giant club!!
You are too injured to fight recklessly!
You hit the ogre but do no damage. Your headbutt misses the ogre.
The ogre is moderately wounded.
The ogre barely misses you.
You hit the ogre.
The ogre is moderately wounded.
The ogre hits you with a +0 giant club!!
* * * LOW HITPOINT WARNING * * *
You sock the ogre!
The ogre is severely wounded.
You completely miss the ogre.
The ogre is severely wounded.
The ogre hits you with a +0 giant club!
You die...

...... ..... ####
#...# #####
....###...##....#
................#
.................
.................
......O@.........
.>...............
#########'###########
...................
...................
.........[.........
...................
...........[.......
........†..........
.........<.........
...................


You could see an ogre.

Vanquished Creatures
  A phantom (D:4)
  Blork the orc (D:5)
  An orc priest (D:4)
  A jelly (D:4)
  An iguana (D:5)
  Robin (D:2)
  6 gnolls
  An adder (D:2)
  2 ufetubi
  A dart slug (D:3)
  2 ribbon worms (D:2)
  8 orcs
  11 ball pythons
  5 bats
  8 endoplasms
  8 giant cockroaches
  18 goblins
  4 hobgoblins
  4 jackals
  2 quokkas
  A frilled lizard (D:1)
  6 kobolds
  4 rats
97 creatures vanquished.

Notes
Turn   | Place    | Note
-------+----------+-------------------------------------------
     0 | D:1      | AlterAsc the Oni Fighter began the quest for the Orb.
     0 | D:1      | Reached XP level 1. HP: 24/24 MP: 1/1
    33 | D:1      | Reached XP level 2. HP: 18/32 MP: 2/2
   164 | D:1      | Reached skill level 3 in Maces & Flails
   232 | D:1      | Found a faded altar of an unknown god.
   436 | D:1      | Reached XP level 3. HP: 34/39 MP: 3/3
   873 | D:2      | Noticed Robin
   890 | D:2      | Killed Robin
   891 | D:2      | Reached skill level 4 in Maces & Flails
  1044 | D:2      | Reached XP level 4. HP: 48/48 MP: 4/4
  1553 | D:3      | Found a white marble altar of Elyvilon.
  1570 | D:3      | Became a worshipper of Elyvilon the Healer
  1716 | D:3      | Found Yfoneg's Weapon Shop.
  2068 | D:3      | Reached skill level 5 in Maces & Flails
  2132 | D:3      | Reached XP level 5. HP: 54/54 MP: 5/5
  2151 | D:3      | Found a runed translucent gate.
  2151 | D:3      | Noticed drgodel's ghost (amateur OnSh)
  2198 | D:3      | Found a runed translucent gate.
  2198 | D:3      | Found a runed translucent gate.
  2204 | D:3      | Identified the +9 spear of Udwimn {drain, rC- rN+ Str+6}
  2326 | D:3      | Reached * piety under Elyvilon
  2665 | D:4      | Noticed a phantom
  2674 | D:4      | Killed a phantom
  2698 | D:4      | Reached skill level 6 in Maces & Flails
  2739 | D:4      | Found a runed translucent door.
  2740 | D:4      | Noticed Crazy Yiuf
  2788 | D:4      | Found a staircase to the Ecumenical Temple.
  2803 | Temple   | Entered the Ecumenical Temple
  2841 | Temple   | Fell from the grace of Elyvilon
  2841 | Temple   | Became a worshipper of Warmaster Okawaru
  2901 | D:4      | Reached XP level 6. HP: 62/62 MP: 6/6
  3770 | D:5      | Entered Level 5 of the Dungeon
  3770 | D:5      | Noticed Blork the orc
  3782 | D:5      | Killed Blork the orc
  3783 | D:5      | Reached skill level 7 in Maces & Flails
  3928 | D:5      | Reached XP level 7. HP: 58/70 MP: 7/7
  3982 | D:5      | Slain by an ogre

Illustrated notes

Levels and vault maps discovered:
D:1:      eino_arrival_water_star, layout_loops_ring,
          shapermc_ecumenical_altar_notcrosses
D:2:      layout_loops_ring, minmay_pentomino_p4, uniq_robin
D:3:      layout_basic, elyvilon_altar_5, serial_shops, shop,
          biasface_ghost_orc_armoury
D:4:      layout_gridville, minmay_temple_entry_grid, uniq_crazy_yiuf_cottage
D:5:      layout_gridville, uniq_blork_the_orc
Temple:   eino_temple_rhombus

Skill      XL: |  1  2  3  4  5  6 |
---------------+-------------------+-----
Maces & Flails | 3 4 5 6 7 |  7.3
Fighting       | |  4.0
Dodging        | |  2.6
Shields        | |  2.6

Action                     |  1- 3 |  4- 6 |  7- 9 || total
---------------------------+-------+-------+-------++-------
  Melee: Flail             |   101 |       |       ||   101
         Headbutt          |    12 |    26 |       ||    38
         Mace              |     4 |   136 |     6 ||   146
    Use: Scroll            |       |     4 |       ||     4
   Stab: Sleeping          |     1 |     1 |       ||     2
 Armour: Robe              |    71 |   105 |     4 ||   180
  Dodge: Dodged            |    40 |    75 |     1 ||   116
  Block: Kite shield       |    51 |    54 |       ||   105
